 Dungeon Crawl Stone Soup version 0.27-a0-412-g8dd771eca2 (webtiles) character file.

Game seed: 11031543840665295613

14 Ijustatesigmund the Skirmisher (level 2, 5/24 HPs)
             Began as a Demonspawn Fighter on Feb 24, 2021.
             Quit the game on level 1 of the Dungeon.
             The game lasted 00:00:52 (49 turns).

Ijustatesigmund the Skirmisher (Demonspawn Fighter)   Turns: 49, Time: 00:00:52

Health: 5/24       AC:  6    Str: 16    XL:     2   Next: 31%
Magic:  2/2        EV:  7    Int:  9    God:
Gold:   3          SH:  8    Dex: 12    Spells: 1/1 levels left

rFire    . . .     SeeInvis .   a - +0 war axe
rCold    . . .     Faith    .   c - +0 kite shield
rNeg     . . .     Spirit   .   b - +0 scale mail
rPois    .         Reflect  .   (no helmet)
rElec    .         Harm     .   (no cloak)
rCorr    .         Rampage  .   (no gloves)
Will     .....                  (no boots)
Stlth    ..........             (no amulet)
HPRegen  0.08/turn              (no ring)
MPRegen  0.08/turn              (no ring)

@: mighty
A: foul stench 1
a: no special abilities


You were on level 1 of the Dungeon.
You visited 1 branch of the dungeon, and saw 1 of its levels.

You collected 3 gold pieces.

Inventory:

Hand Weapons
 a - a +0 war axe (weapon)
Armour
 b - a +0 scale mail (worn)
 c - a +0 kite shield (worn)


   Skills:
 + Level 3.2 Fighting
 * Level 2.3 Axes
 - Level 2.6 Armour
 + Level 0.6 Dodging
 - Level 2.6 Shields


You had one spell level left.
You didn't know any spells.
Your spell library was empty.

Dungeon Overview and Level Annotations

Branches:
Dungeon (1/15)

Altars:


Innate Abilities, Weirdness & Mutations

You may rarely emit foul miasma when damaged in melee.


Message History

You block the jackal's attack.
You hit the jackal.
The jackal is almost dead.
You block the jackal's attack. x2
You closely miss the jackal.
The jackal is almost dead.
The jackal bites you. The jackal barely misses you.
You slash the jackal!
You kill the jackal!
You block the jackal's attack.
You hit the jackal.
The jackal is almost dead.
You block the jackal's attack.
The gnoll hits you from afar with a +0 spear.
The jackal bites you but does no damage.
You block the gnoll's attack.
You slash the jackal!
You kill the jackal!
The gnoll hits you from afar with a +0 spear.
The gnoll hits you but does no damage.
Your Axes skill increases to level 2!
The gnoll closely misses you.
You see here a jackal corpse.
You slash the gnoll!
The gnoll is almost dead.
The gnoll hits you with a +0 spear.
You closely miss the gnoll.
The gnoll is severely wounded.
You block the gnoll's attack. The gnoll hits you with a +0 spear.
You barely miss the gnoll.
The gnoll is severely wounded.
The gnoll hits you with a +0 spear. x2
* * * LOW HITPOINT WARNING * * *
You slash the gnoll!
You kill the gnoll!
You have reached level 2!
Your demonic ancestry asserts itself...
You begin to emit a foul stench of rot and decay.
Unknown command.
Are you sure you want to abandon this character and quit the game? (Confirm with "yes".)

######### ##.......##
######....<....##
##..........^......
#...⌠....##+##....⌠
#........#...# ....
#........'8.8+ ...
###########'#########
............@)..#
###############.# #.#
#h#


gh. ... ..... ..... ......# There were no monsters in sight!

Vanquished Creatures
  A gnoll (D:1)
  3 jackals (D:1)
4 creatures vanquished.

Notes
Turn   | Place    | Note
-------+----------+-------------------------------------------
     0 | D:1      | Ijustatesigmund the Demonspawn Fighter began the quest for
                  | the Orb.
     0 | D:1      | Reached XP level 1. HP: 18/18 MP: 1/1
    49 | D:1      | Gained mutation: You may rarely emit foul miasma when
                  | damaged in melee. [demonic ancestry]
    49 | D:1      | Reached XP level 2. HP: 5/24 MP: 2/2
    49 | D:1      | Quit the game

Illustrated notes

Levels and vault maps discovered:
D:1:      giann_wishing_wells, layout_basic

Skill      XL: |  1 |
---------------+----+-----
Axes           | 2 |  2.3
Fighting       | |  3.2
Armour         | |  2.6
Dodging        | |  0.6
Shields        | |  2.6

Action                   || total
-------------------------++-------
Melee: War axe           ||    12
  Use: Potion            ||     1
Armor: Scale mail        ||     5
Dodge: Dodged            ||     3
Block: Kite shield       ||     8

Table legend: (Time is in decaauts)
 A = Elapsed time spent in this place.
 B = Non-inter-level travel time spent in this place.
 C = Inter-level travel time spent in this place.
 D = Time resting spent in this place.
 E = Time spent auto-exploring this place.
 F = Levels seen in this place.
 G = Mean time per level.
                   A        B        C        D        E       F      G
               +--------+--------+--------+--------+--------+-----+--------+
         Total |     56 |     56 |      0 |      0 |     28 |   1 |   56.0 |
       Dungeon |     56 |     56 |      0 |      0 |     28 |   1 |   56.0 |
               +--------+--------+--------+--------+--------+-----+--------+

Top non-repeatable levels by time:
     D:1: 56 daAuts
